PBL
COLUMBUS REDS @ HAMILTON CARDINALS
09/04/2048
 
TOP OF THE 1ST
Columbus Reds batting - Pitching for Hamilton Cardinals : RHP Ji-e Shuai
Pitching: RHP Ji-e Shuai
Batting: RHB John Hopkins 0-0: Called Strike
0-1: Ball
1-1: Swinging Strike
1-2: Strikes out swinging
Batting: RHB Alex Nagera 0-0: Ball
1-0: Swinging Strike
1-1: Ball
2-1: Foul Ball, location: 2F
2-2: Ball
3-2: Base on Balls
Batting: LHB Jamie Spangenberg 0-0: Called Strike
Alex Nagera steals 2nd base
0-1: Reached on error, E3 (Groundball, 3S, EV 86.2 MPH)
Alex Nagera to third
Batting: RHB Ruben Cantu 0-0: Swinging Strike
0-1: Ball
1-1: Ball
2-1: Foul Ball, location: 2F
2-2: Strikes out swinging
Batting: LHB Mike Becerra 0-0: Called Strike
0-1: Foul Ball, location: 2F
0-2: Foul Ball, location: 2F
0-2: Strikes out swinging
Top of the 1st over - 0 runs, 0 hits, 1 error, 2 left on base; Columbus 0 - Hamilton 0
BOTTOM OF THE 1ST
Hamilton Cardinals batting - Pitching for Columbus Reds : RHP Jim Bartlet
Pitching: RHP Jim Bartlet
Batting: RHB Jonathan Winkler 0-0: Foul Ball, location: 2F
0-1: Ball
1-1: SINGLE (Flyball, 3D, EV 96.9 MPH)
Batting: RHB Juan Carrillo 0-0: Foul Ball, location: 2F
0-1: Swinging Strike
0-2: Ball
1-2: Foul Ball, location: 2F
1-2: Fly out, F8 (Flyball, 8RD, EV 102.5 MPH)
Batting: RHB Nelson Salamanca 0-0: Ball
1-0: 2-RUN HOME RUN (Flyball, 7LD, EV 95.0 MPH), Distance : 352 ft
Batting: RHB Mario Carbajal 0-0: Foul Ball, location: 2F
0-1: Ball
1-1: Called Strike
1-2: SINGLE (Groundball, 56D, EV 106.9 MPH)
Batting: RHB Shou-feng Chang 0-0: Foul Ball, location: 2F
0-1: Ball
1-1: Foul Ball, location: 2F
1-2: Strikes out swinging
Batting: RHB Edgar Klockow 0-0: Ball
1-0: Foul Ball, location: 2F
1-1: Fly out, F8 (Flyball, 8LXD, EV 110.0 MPH)
Bottom of the 1st over - 2 runs, 3 hits, 0 errors, 1 left on base; Columbus 0 - Hamilton 2
TOP OF THE 2ND
Columbus Reds batting - Pitching for Hamilton Cardinals : RHP Ji-e Shuai
Batting: RHB Emanuel Estrada 0-0: Called Strike
0-1: Called Strike
0-2: Ball
1-2: Ball
2-2: Ball
3-2: Strikes out swinging
Batting: LHB Clint Hanninen 0-0: Ball
1-0: Called Strike
1-1: Fly out, F8 (Flyball, 8LXD, EV 98.8 MPH)
Batting: RHB Jimmy Geddes 0-0: Swinging Strike
0-1: SOLO HOME RUN (Flyball, 9D, EV 98.8 MPH), Distance : 387 ft
Batting: RHB Cornholdo Schwerin 0-0: Fly out, F8 (Line Drive, 89M, EV 92.5 MPH)
Top of the 2nd over - 1 run, 1 hit, 0 errors, 0 left on base; Columbus 1 - Hamilton 2
BOTTOM OF THE 2ND
Hamilton Cardinals batting - Pitching for Columbus Reds : RHP Jim Bartlet
Batting: LHB Rafael Banda 0-0: Ball
1-0: Ball
2-0: Fly out, F8 (Flyball, 78M, EV 87.5 MPH)
Batting: SHB Kelly Brooks 0-0: Foul Ball, location: 2F
0-1: Swinging Strike
0-2: Ball
1-2: Ball
2-2: Foul Ball, location: 2F
2-2: Fly out, F5 (Line Drive, 56, EV 62.5 MPH)
Batting: SHB Jae-hong Kym 0-0: Foul Ball, location: 2F
0-1: Ball
1-1: Ball
2-1: Ball
3-1: Foul Ball, location: 2F
3-2: Foul Ball, location: 2F
3-2: Foul Ball, location: 2F
3-2: Base on Balls
Batting: RHB Jonathan Winkler 0-0: Ball
1-0: Swinging Strike
1-1: Ball
2-1: Ball
3-1: Swinging Strike
3-2: Foul Ball, location: 2F
3-2: Strikes out looking
Bottom of the 2nd over - 0 runs, 0 hits, 0 errors, 1 left on base; Columbus 1 - Hamilton 2
TOP OF THE 3RD
Columbus Reds batting - Pitching for Hamilton Cardinals : RHP Ji-e Shuai
Batting: RHB John Hopkins 0-0: Foul Ball, location: 2F
0-1: SINGLE (Line Drive, 9S, EV 96.2 MPH)
Batting: RHB Alex Nagera 0-0: Ball
John Hopkins is caught stealing 2nd base 2-4
1-0: SINGLE (Groundball, 34D, EV 93.8 MPH)
Batting: LHB Jamie Spangenberg 0-0: Foul Ball, location: 2F
0-1: Ball
1-1: Ball
2-1: Ground out 4-3 (Groundball, 34, EV 101.9 MPH)
Alex Nagera to second
Batting: RHB Ruben Cantu 0-0: Foul Ball, location: 2F
0-1: Ball
1-1: Ball
2-1: Ball
3-1: Swinging Strike
3-2: Foul Ball, location: 2F
3-2: Foul Ball, location: 2F
3-2: Strikes out swinging
Top of the 3rd over - 0 runs, 2 hits, 0 errors, 1 left on base; Columbus 1 - Hamilton 2
BOTTOM OF THE 3RD
Hamilton Cardinals batting - Pitching for Columbus Reds : RHP Jim Bartlet
Batting: RHB Juan Carrillo 0-0: Called Strike
0-1: Ball
1-1: Fly out, F8 (Flyball, 8LM, EV 85.0 MPH)
Batting: RHB Nelson Salamanca 0-0: SOLO HOME RUN (Flyball, 7D, EV 98.8 MPH), Distance : 402 ft
Batting: RHB Mario Carbajal 0-0: SINGLE (Groundball, 15S, EV 69.4 MPH) (infield hit)
Batting: RHB Shou-feng Chang 0-0: Ball
1-0: Called Strike
1-1: Foul Ball, location: 2F
1-2: Strikes out swinging
Batting: RHB Edgar Klockow 0-0: Fly out, F8 (Flyball, 8LXD, EV 103.8 MPH)
Bottom of the 3rd over - 1 run, 2 hits, 0 errors, 1 left on base; Columbus 1 - Hamilton 3
TOP OF THE 4TH
Columbus Reds batting - Pitching for Hamilton Cardinals : RHP Ji-e Shuai
Batting: LHB Mike Becerra 0-0: Ball
1-0: Ball
2-0: Swinging Strike
2-1: Swinging Strike
2-2: Ball
3-2: TRIPLE (Flyball, 89XD, EV 105.6 MPH)
Batting: RHB Emanuel Estrada 0-0: Ball
1-0: Ball
2-0: Foul Ball, location: 2F
2-1: Called Strike
2-2: Ball
3-2: Foul Ball, location: 2F
3-2: Foul Ball, location: 2F
3-2: Base on Balls
Batting: LHB Clint Hanninen 0-0: Ball
1-0: Called Strike
1-1: Ball
2-1: Foul Ball, location: 2F
2-2: Ball
3-2: Strikes out looking
Batting: RHB Jimmy Geddes 0-0: Ball
Wild Pitch!
Mike Becerra scores
Emanuel Estrada to second
1-0: Ball
2-0: Foul Ball, location: 2F
2-1: Ball
3-1: Called Strike
3-2: Foul Ball, location: 2F
3-2: Fly out, F7 (Line Drive, 78S, EV 111.9 MPH)
Pitching: RHP Kiyoyuki Abe
Batting: RHB Cornholdo Schwerin 0-0: Ball
1-0: Ball
2-0: Called Strike
2-1: Swinging Strike
2-2: Strikes out swinging
Top of the 4th over - 1 run, 1 hit, 0 errors, 1 left on base; Columbus 2 - Hamilton 3
BOTTOM OF THE 4TH
Hamilton Cardinals batting - Pitching for Columbus Reds : RHP Jim Bartlet
Batting: LHB Rafael Banda 0-0: Ball
1-0: Called Strike
1-1: Foul Ball, location: 2F
1-2: Foul Ball, location: 2F
1-2: Strikes out swinging
Batting: SHB Kelly Brooks 0-0: Called Strike
0-1: Ball
1-1: Swinging Strike
1-2: Ball
2-2: Ball
3-2: Foul Ball, location: 2F
3-2: Strikes out swinging
Batting: SHB Jae-hong Kym 0-0: Called Strike
0-1: Ball
1-1: Swinging Strike
1-2: Strikes out swinging
Bottom of the 4th over - 0 runs, 0 hits, 0 errors, 0 left on base; Columbus 2 - Hamilton 3
TOP OF THE 5TH
Columbus Reds batting - Pitching for Hamilton Cardinals : RHP Kiyoyuki Abe
Batting: RHB John Hopkins 0-0: Called Strike
0-1: Swinging Strike
0-2: Strikes out swinging
Pinch Hitting: RHB Ed Santibanez 0-0: Called Strike
0-1: Ball
1-1: Ball
2-1: Swinging Strike
2-2: Foul Ball, location: 2F
2-2: Strikes out swinging
Batting: LHB Jamie Spangenberg 0-0: Ground out 5-3 (Groundball, 56, EV 86.9 MPH)
Top of the 5th over - 0 runs, 0 hits, 0 errors, 0 left on base; Columbus 2 - Hamilton 3
BOTTOM OF THE 5TH
Hamilton Cardinals batting - Pitching for Columbus Reds : RHP Jim Bartlet
Now at 3B: Nick Partain
Batting: RHB Jonathan Winkler 0-0: Ball
1-0: Ball
2-0: Ball
3-0: Base on Balls
Batting: RHB Juan Carrillo 0-0: Ball
1-0: Ball
2-0: Called Strike
2-1: Ball
3-1: Base on Balls
Jonathan Winkler to second
Batting: RHB Nelson Salamanca 0-0: Ball
1-0: Foul Ball, location: 2F
1-1: Foul Ball, location: 2F
1-2: Ball
2-2: Strikes out swinging
Batting: RHB Mario Carbajal 0-0: Ball
1-0: Called Strike
1-1: Ball
2-1: Foul Ball, location: 2F
2-2: Ball
3-2: Foul Ball, location: 2F
3-2: Fly out, F7 (Line Drive, 78S, EV 92.5 MPH)
Batting: RHB Shou-feng Chang 0-0: Ball
1-0: Called Strike
1-1: Ball
2-1: Ground out 5-3 (Groundball, 56, EV 100.0 MPH)
Bottom of the 5th over - 0 runs, 0 hits, 0 errors, 2 left on base; Columbus 2 - Hamilton 3
TOP OF THE 6TH
Columbus Reds batting - Pitching for Hamilton Cardinals : RHP Kiyoyuki Abe
Batting: RHB Ruben Cantu 0-0: Ball
1-0: Fly out, F8 (Flyball, 8LXD, EV 107.5 MPH)
Batting: LHB Mike Becerra 0-0: Swinging Strike
0-1: Ball
1-1: Called Strike
1-2: Ball
2-2: Strikes out looking
Batting: RHB Emanuel Estrada 0-0: Ground out 6-3 (Groundball, 6, EV 78.8 MPH)
Top of the 6th over - 0 runs, 0 hits, 0 errors, 0 left on base; Columbus 2 - Hamilton 3
BOTTOM OF THE 6TH
Hamilton Cardinals batting - Pitching for Columbus Reds : RHP Jim Bartlet
Batting: RHB Edgar Klockow 0-0: Swinging Strike
0-1: Foul Ball, location: 2F
0-2: Ball
1-2: Foul Ball, location: 2F
1-2: Ball
2-2: Foul Ball, location: 2F
2-2: Foul Ball, location: 2F
2-2: Ground out 6-3 (Groundball, 6M, EV 84.4 MPH)
Pitching: LHP Joe McLaughlin
Batting: LHB Rafael Banda 0-0: Ball
1-0: Ball
2-0: Foul Ball, location: 2F
2-1: Swinging Strike
2-2: Strikes out swinging
Batting: SHB Kelly Brooks 0-0: Ball
1-0: Fly out, F7 (Flyball, 7S, EV 95.0 MPH)
Bottom of the 6th over - 0 runs, 0 hits, 0 errors, 0 left on base; Columbus 2 - Hamilton 3
TOP OF THE 7TH
Columbus Reds batting - Pitching for Hamilton Cardinals : RHP Kiyoyuki Abe
Pinch Hitting: SHB Sal Esparza 0-0: Called Strike
0-1: Foul Ball, location: 2F
0-2: Strikes out swinging
Batting: RHB Jimmy Geddes 0-0: Called Strike
0-1: Ball
1-1: Foul Ball, location: 2F
1-2: Ball
2-2: Foul Ball, location: 2F
2-2: Foul Ball, location: 2F
2-2: Foul Ball, location: 2F
2-2: Strikes out swinging
Pinch Hitting: LHB Jamel Wilhite 0-0: Ball
1-0: Called Strike
1-1: Ball
2-1: Ball
3-1: Swinging Strike
3-2: Strikes out looking
Top of the 7th over - 0 runs, 0 hits, 0 errors, 0 left on base; Columbus 2 - Hamilton 3
BOTTOM OF THE 7TH
Hamilton Cardinals batting - Pitching for Columbus Reds : LHP Joe McLaughlin
Now at 2B: Sal Esparza
Now in LF: Jamel Wilhite
Now in CF: Emanuel Estrada
Batting: SHB Jae-hong Kym 0-0: SINGLE (Groundball, 34D, EV 108.8 MPH)
Batting: RHB Jonathan Winkler 0-0: Called Strike
0-1: Ball
1-1: Grounds into double play, 6-4-3 (Groundball, 6, EV 87.5 MPH)
Batting: RHB Juan Carrillo 0-0: Ball
1-0: Foul Ball, location: 2F
1-1: Swinging Strike
1-2: Ball
2-2: Strikes out swinging
Bottom of the 7th over - 0 runs, 1 hit, 0 errors, 0 left on base; Columbus 2 - Hamilton 3
TOP OF THE 8TH
Columbus Reds batting - Pitching for Hamilton Cardinals : RHP Kiyoyuki Abe
Batting: RHB John Hopkins 0-0: Ball
1-0: Ball
2-0: Fly out, F7 (Flyball, 7LM, EV 108.8 MPH)
Batting: RHB Nick Partain 0-0: Swinging Strike
0-1: Swinging Strike
0-2: Strikes out swinging
Pitching: LHP Tim Dyer
Batting: LHB Jamie Spangenberg 0-0: Swinging Strike
0-1: Foul Ball, location: 2F
0-2: SINGLE (Line Drive, 9LS, EV 104.4 MPH)
Pitching: RHP David Lopez
Batting: RHB Ruben Cantu 0-0: Ball
1-0: Called Strike
1-1: Swinging Strike
1-2: Foul Ball, location: 2F
1-2: Strikes out swinging
Top of the 8th over - 0 runs, 1 hit, 0 errors, 1 left on base; Columbus 2 - Hamilton 3
BOTTOM OF THE 8TH
Hamilton Cardinals batting - Pitching for Columbus Reds : LHP Joe McLaughlin
Batting: RHB Nelson Salamanca 0-0: Ball
1-0: Ball
2-0: Ball
3-0: Base on Balls
Batting: RHB Mario Carbajal 0-0: Called Strike
0-1: Ball
1-1: Foul Ball, location: 2F
1-2: Strikes out looking
Batting: RHB Shou-feng Chang 0-0: Called Strike
0-1: Swinging Strike
0-2: Foul Ball, location: 2F
0-2: Strikes out swinging
Batting: RHB Edgar Klockow 0-0: Ball
1-0: Ball
2-0: Called Strike
2-1: Swinging Strike
2-2: Ball
3-2: Strikes out swinging
Bottom of the 8th over - 0 runs, 0 hits, 0 errors, 1 left on base; Columbus 2 - Hamilton 3
TOP OF THE 9TH
Columbus Reds batting - Pitching for Hamilton Cardinals : RHP David Lopez
Now at 1B: J.T. Ready
Now at 2B: Felipe Campanella
Pinch Hitting: LHB Armando Arellano 0-0: Called Strike
0-1: Ball
1-1: Ball
2-1: Foul Ball, location: 2F
2-2: Foul Ball, location: 2F
2-2: SINGLE (Groundball, 4MD, EV 100.0 MPH)
Batting: RHB Emanuel Estrada 0-0: Foul Ball, location: 2F
0-1: Fielders Choice at 2nd, 6-4 (Groundball, 6, EV 80.6 MPH)
Batting: SHB Sal Esparza 0-0: Fly out, F8 (Flyball, 8RD, EV 108.8 MPH)
Runner from 1st tags up, SAFE at 2nd
Batting: RHB Jimmy Geddes 0-0: Ball
1-0: Called Strike
1-1: Foul Ball, location: 2F
1-2: Ball
2-2: Strikes out swinging
Top of the 9th over - 0 runs, 1 hit, 0 errors, 1 left on base; Columbus 2 - Hamilton 3
Tuesday, March 28th , 2023 - OOTP Baseball 23.10 Build 110